 Dungeon Crawl Stone Soup version 0.29.1-15-g9cfb28693d (webtiles) character file.

Game seed: 4026252211742714759

338 Ast3rio the Chopper (level 6, -1/53 HPs)
             Began as a Gnoll Cinder Acolyte on Mar 8, 2023.
             Was a High Priest of Ignis.
             Succumbed to a gnoll's poison
             ... on level 3 of the Dungeon.
             The game lasted 00:07:20 (4316 turns).

Ast3rio the Chopper (Gnoll Cinder Acolyte)          Turns: 4316, Time: 00:07:21

Health: -1/53      AC:  5    Str: 13    XL:     6   Next: 55%
Magic:  0/11       EV: 10    Int: 15    God:    Ignis [*****.]
Gold:   191        SH:  0    Dex:  8    Spells: 10/12 levels left

rFire   + . .      SeeInvis .   a - -1 hand axe (flame)
rCold   . . .      Faith    .   (no shield)
rNeg    . . .      Spirit   .   e - +0 ring mail
rPois   .          Reflect  .   (no helmet)
rElec   .          Harm     .   (no cloak)
rCorr   .          Rampage  .   (no gloves)
Will    .....                   (no boots)
Stlth   +.........              (no amulet)
HPRegen 0.17/turn               (no ring)
MPRegen 0.12/turn               (no ring)

@: lethally poisoned (-1 -> -10)
A: fangs 1, strong nose, distributed training
a: Renounce Religion, Fiery Armour, Foxfire Swarm, Rising Flame


You were on level 3 of the Dungeon.
You worshipped Ignis.
Ignis was extremely pleased with you.
You visited 1 branch of the dungeon, and saw 3 of its levels.

You collected 191 gold pieces.

Inventory:

Hand Weapons
 a - a -1 hand axe of flaming (weapon)
Armour
 b - a +0 robe
 e - a +0 ring mail (worn)
Jewellery
 d - a +6 ring of intelligence
Scrolls
 f - 3 scrolls of identify {unknown}
 g - a scroll of fear {unknown}
 h - a scroll of magic mapping {unknown}
 i - 3 scrolls of teleportation {unknown}
 l - a scroll of enchant armour {unknown}
 m - 2 scrolls of amnesia {unknown}
 n - a scroll of enchant weapon {unknown}
 q - a scroll of silence {unknown}
Potions
 c - a potion of curing {unknown}
 j - a potion of heal wounds {unknown}
 k - a potion of brilliance {unknown}
 o - a potion of cancellation {unknown}
 p - a potion of degeneration {unknown}
 r - a potion of ambrosia {unknown}


   Skills:
 + Level 6.9 Fighting
 + Level 2.1 Short Blades
 + Level 2.1 Long Blades
 + Level 6.9 Axes
 + Level 2.1 Maces & Flails
 + Level 2.1 Polearms
 + Level 2.1 Staves
 + Level 2.1 Ranged Weapons
 + Level 2.1 Throwing
 + Level 2.1 Armour
 + Level 2.1 Dodging
 + Level 2.1 Stealth
 + Level 2.1 Shields
 + Level 2.1 Unarmed Combat
 + Level 3.5 Spellcasting
 + Level 1.6 Conjurations
 + Level 1.6 Hexes
 + Level 1.6 Summonings
 + Level 1.6 Necromancy
 + Level 1.6 Translocations
 + Level 1.6 Transmutations
 + Level 5.7 Fire Magic
 + Level 1.6 Ice Magic
 + Level 1.6 Air Magic
 + Level 1.6 Earth Magic
 + Level 1.6 Poison Magic
 + Level 2.3 Invocations
 + Level 2.1 Evocations


You had 10 spell levels left.
You knew the following spells:

 Your Spells              Type           Power      Damage    Failure   Level
a - Scorch                Fire           38%        2d6       6%          2

Your spell library contained the following spells:

 Spells                   Type           Power      Damage    Failure   Level
 Ensorcelled Hibernation  Hex/Ice        14%        N/A       30%         2
 Passwall                 Tmut/Erth      5%         N/A       30%         2
 Swiftness                Air            7%         N/A       52%         3


Dungeon Overview and Level Annotations

Branches:
Dungeon (3/15)

Altars:
Okawaru


Innate Abilities, Weirdness & Mutations

You have very sharp teeth.
Your uncanny sense of smell can sniff out nearby items.
Your experience applies equally to all skills.


Message History

You hit the gnoll. You burn the gnoll.
You kill the gnoll!
You feel sick.
The gnoll hits you from afar with a +2 spear of venom.
You are more poisoned.
You feel very sick. The gnoll misses you.
Things that are here:
a +0 club; a +0 dagger; a +0 leather armour
Casting: Scorch (safe; 6% risk of failure)
Confirm with . or Enter, or press ? or * to list all spells.
Flames lash the orc.
The orc is heavily wounded.
The orc's fire resistance burns away.
You feel very sick.
The gnoll hits you from afar with a +2 spear of venom.
You are lethally poisoned!
You feel very sick.
The gnoll hits you from afar with a +2 spear of venom.
* * * LOW HITPOINT WARNING * * *
Casting: Scorch (safe; 6% risk of failure)
Confirm with . or Enter, or press ? or * to list all spells.
You don't have enough magic to cast this spell.
* * * LOW HITPOINT WARNING * * *
You feel very sick. The gnoll closely misses you.
Things that are here:
a +0 dagger; a +0 war axe; an orc corpse You slash the gnoll!
You burn the gnoll.
You kill the gnoll!
* * * LOW HITPOINT WARNING * * *
You feel very sick.
The orc is no longer more vulnerable to fire.
You hit the orc. You burn the orc.
You kill the orc!
* * * LOW HITPOINT WARNING * * *
You feel sick.
You hit the orc. You burn the orc.
You kill the orc!
You die...

..##.....##
.##...)...## .....
##......>..#
#....# +.........+
...... #.........#
#.... ##.......##
#.#.. ##.....##
#.#.# ##...##
#.#)# ##'##
#.#@###.# #.#
#.)....<# #.#
###.##### ##.##
#.#
####...########.#
##...............#
........##########
##...#.## ##.#.##


There were no monsters in sight!

Vanquished Creatures
  Pargi (D:3)
  Terence (D:3)
  An orc wizard (D:3)
  6 gnolls (D:3)
  2 adders (D:2)
  3 worms (D:2)
  A dart slug (D:2)
  10 orcs (D:3)
  10 endoplasms
  3 giant cockroaches
  6 goblins
  8 hobgoblins
  4 jackals (D:1)
  4 quokkas
  5 ball pythons
  9 bats
  3 frilled lizards
  12 kobolds
  8 rats
97 creatures vanquished.

Vanquished Creatures (others)
  6 foxfires (D:3)
6 creatures vanquished.

Grand Total: 103 creatures vanquished

Notes
Turn   | Place    | Note
-------+----------+-------------------------------------------
     0 | D:1      | Ast3rio the Gnoll Cinder Acolyte began the quest for the
                  | Orb.
     0 | D:1      | Reached XP level 1. HP: 23/23 MP: 4/4
   331 | D:1      | Reached XP level 2. HP: 26/29 MP: 5/5
   416 | D:1      | Learned a level 2 spell: Scorch
   799 | D:1      | Reached XP level 3. HP: 10/35 MP: 7/7
  1390 | D:2      | Reached skill level 1 in Invocations
  1647 | D:2      | Reached skill level 1 in Short Blades
  1647 | D:2      | Reached skill level 1 in Long Blades
  1647 | D:2      | Reached skill level 1 in Maces & Flails
  1647 | D:2      | Reached skill level 1 in Polearms
  1647 | D:2      | Reached skill level 1 in Staves
  1647 | D:2      | Reached skill level 1 in Ranged Weapons
  1647 | D:2      | Reached skill level 1 in Throwing
  1647 | D:2      | Reached skill level 1 in Armour
  1647 | D:2      | Reached skill level 1 in Dodging
  1647 | D:2      | Reached skill level 1 in Stealth
  1647 | D:2      | Reached skill level 1 in Shields
  1647 | D:2      | Reached skill level 1 in Unarmed Combat
  1647 | D:2      | Reached skill level 1 in Evocations
  2163 | D:2      | Reached XP level 4. HP: 12/41 MP: 8/8
  2545 | D:2      | Found an iron altar of Okawaru.
  2573 | D:2      | Reached skill level 1 in Conjurations
  2573 | D:2      | Reached skill level 1 in Hexes
  2573 | D:2      | Reached skill level 1 in Summonings
  2573 | D:2      | Reached skill level 1 in Necromancy
  2573 | D:2      | Reached skill level 1 in Translocations
  2573 | D:2      | Reached skill level 1 in Transmutations
  2573 | D:2      | Reached skill level 1 in Ice Magic
  2573 | D:2      | Reached skill level 1 in Air Magic
  2573 | D:2      | Reached skill level 1 in Earth Magic
  2573 | D:2      | Reached skill level 1 in Poison Magic
  2787 | D:2      | Found a faded altar of an unknown god.
  3073 | D:3      | Noticed Terence
  3080 | D:3      | Killed Terence
  3191 | D:3      | Reached XP level 5. HP: 47/47 MP: 2/9
  3369 | D:3      | Noticed Pargi
  3374 | D:3      | Killed Pargi
  3375 | D:3      | Reached XP level 6. HP: 43/53 MP: 1/11
  4315 | D:3      | HP: 2/53 [poisoned by a gnoll]
  4316 | D:3      | Succumbed to a gnoll's poison

Illustrated notes

Levels and vault maps discovered:
D:1:      dpeg_arrival_round_a, layout_loops_ring
D:2:      kb_forest_paths, layout_basic, basic_altar, basic_ecumenical_altar
D:3:      minmay_bubble_buster, layout_loops_corners, uniq_terence, uniq_pargi

Skill      XL: |  1  2  3  4  5  6 |
---------------+-------------------+-----
Invocations    | 1 2 |  2.3
Short Blades   | 1 2 |  2.1
Long Blades    | 1 2 |  2.1
Maces & Flails | 1 2 |  2.1
Polearms       | 1 2 |  2.1
Staves         | 1 2 |  2.1
Ranged Weapons | 1 2 |  2.1
Throwing       | 1 2 |  2.1
Armour         | 1 2 |  2.1
Dodging        | 1 2 |  2.1
Stealth        | 1 2 |  2.1
Shields        | 1 2 |  2.1
Unarmed Combat | 1 2 |  2.1
Evocations     | 1 2 |  2.1
Spellcasting   | 3 |  3.5
Conjurations   | 1 |  1.6
Hexes          | 1 |  1.6
Summonings     | 1 |  1.6
Necromancy     | 1 |  1.6
Translocations | 1 |  1.6
Transmutations | 1 |  1.6
Ice Magic      | 1 |  1.6
Air Magic      | 1 |  1.6
Earth Magic    | 1 |  1.6
Poison Magic   | 1 |  1.6
Fighting       | |  6.9
Axes           | |  6.9
Fire Magic     | |  5.7

Action                   |  1- 3 |  4- 6 || total
-------------------------+-------+-------++-------
Melee: Hand axe          |   145 |    70 ||   215
       Bite              |    11 |     6 ||    17
       Punch             |     2 |       ||     2
 Cast: Scorch            |     4 |    51 ||    55
Invok: Foxfire Swarm     |       |     1 ||     1
Armor: Robe              |     8 |       ||     8
       Ring mail         |    72 |    32 ||   104
Dodge: Dodged            |    96 |    55 ||   151
